 Dungeon Crawl Stone Soup version 0.26-a0-576-gcfaa98f (webtiles) character file.

Game seed: 10752209354340115320

18610 BeowulfAlex the Grappler (level 12, -4/124 HPs)
             Began as a Troll Hunter on Aug 22, 2020.
             Was an Initiate of Ru.
             Slain by a yak (8 damage)
             ... on level 4 of the Lair of Beasts.
             The game lasted 00:28:26 (13242 turns).

BeowulfAlex the Grappler (Troll Hunter)            Turns: 13242, Time: 00:28:27

Health: -4/124     AC:  9    Str: 23    XL:     12   Next: 29%
Magic:  11/11      EV: 11    Int: 10    God:    Ru [......]
Gold:   900        SH:  9    Dex: 11    Spells: 11/11 levels left

rFire    . . .     SeeInvis .     - Unarmed
rCold    . . .     Faith    .   M - +0 kite shield
rNeg     . . .     Spirit   .   K - +2 robe {MR+}
rPois    .         Reflect  .   N - +0 hat
rElec    .         Harm     .   I - +0 cloak
rCorr    .                      (gloves unavailable)
MR       +....                  (boots unavailable)
Stlth    +.........             o - amulet of regeneration
HPRegen  1.10/turn              e - ring of ice
MPRegen  0.12/turn              D - ring of fire

@: no status effects
A: large, unfitting armour, claws 3, regeneration 1, shaggy fur 1, tough skin 3
a: Renounce Religion


You were on level 4 of the Lair of Beasts.
You worshipped Ru.
Ru was noncommittal.
You visited 3 branches of the dungeon, and saw 16 of its levels.
You also visited: Ossuary.

You collected 900 gold pieces.

Inventory:

Hand Weapons
 b - a +2 scimitar of flaming
Missiles
 a - 344 stones
 c - 3 large rocks
 d - 3 throwing nets
 l - 62 poisoned darts
 t - 24 boomerangs
 G - 8 javelins (quivered)
 Q - 5 silver boomerangs
Armour
 I - a +0 cloak (worn)
 K - a +2 robe of magic resistance (worn)
 M - a +0 kite shield (worn)
 N - a +0 hat (worn)
Jewellery
 e - a ring of ice (left claw)
 o - an amulet of regeneration (around neck)
 D - a ring of fire (right claw)
 P - an uncursed amulet of guardian spirit
Wands
 F - a wand of digging (4)
 L - a wand of paralysis (23)
 O - a wand of polymorph (24)
 U - a wand of disintegration (9)
Scrolls
 h - a scroll of vulnerability {unknown}
 i - 5 scrolls of enchant weapon
 j - 2 scrolls of enchant armour
 n - 2 scrolls of fog {unknown}
 p - a scroll of fear {unknown}
 r - a scroll of torment {unknown}
 v - 4 scrolls of amnesia
 B - 3 scrolls of blinking {unknown}
 E - 7 scrolls of remove curse
 H - a scroll of holy word {unknown}
 J - a scroll of magic mapping {unknown}
 T - a scroll of acquirement {unknown}
 V - 3 scrolls of immolation {unknown}
Potions
 f - 4 potions of flight
 g - 8 potions of curing
 k - 7 potions of stabbing
 m - a potion of cancellation {unknown}
 q - a potion of invisibility {unknown}
 s - 2 potions of lignification {unknown}
 u - 4 potions of magic
 w - 2 potions of might {unknown}
 x - 2 potions of brilliance {unknown}
 z - a potion of haste {unknown}
 A - 4 potions of heal wounds
 R - a potion of berserk rage {unknown}
 S - a potion of mutation {unknown}


   Skills:
 * Level 9.6 Fighting
 + Level 8.1 Throwing
 + Level 6.9 Dodging
 - Level 0.3 Stealth
 + Level 4.3 Shields
 * Level 11.2 Unarmed Combat
 + Level 2.4 Evocations


You had 11 spell levels left.
You didn't know any spells.
Your spell library contained the following spells:

 Spells                   Type           Power        Failure   Level
 Magic Dart               Conj           #...         71%         1
 Sting                    Tmut/Pois      #...         71%         1
 Poisonous Vapours        Pois/Air       #.....       83%         2
 Searing Ray              Conj           #.....       83%         2
 Dazzling Flash           Conj/Hex       #.....       97%         3
 Ignite Poison            Fire/Tmut/Pois #.......     97%         3
 Mephitic Cloud           Conj/Pois/Air  #.......     97%         3
 Fulminant Prism          Conj/Hex       #.........   100%        4
 Iskenderun's Mystic Bla  Conj/Tloc      #.......     100%        4
 Olgreb's Toxic Radiance  Pois           #.......     100%        4


Dungeon Overview and Level Annotations

Branches:
Dungeon (11/15)            Temple (1/1) D:5            Lair (4/6) D:8
 Shoals (0/4) Lair:2        Snake (0/4) Lair:3          Orc (0/2) D:10
Ossuary (visited)

Altars:
Ashenzari
Cheibriados
Dithmenos
Elyvilon
Gozag
Hepliaklqana
Kikubaaqudgha
Makhleb
Nemelex Xobeh
Okawaru
Qazlal
Ru
Sif Muna
Trog
Uskayaw
Vehumet
Wu Jian
Xom
Yredelemnul
Zin
The Shining One

Annotations:
D:8 Prince Ribbit
Lair:4 exclusion: 2 oklob plants


Innate Abilities, Weirdness & Mutations

You are too large for most types of armour.
You have claws for hands.
Your natural rate of healing is unusually fast.
You are covered in fur. (AC +1)
You have extremely tough skin. (AC +3)


Message History

You scratch the yak.
The yak is severely wounded.
The yak misses you.
You mangle the yak!!
You kill the yak!
You barely miss the yak.
The yak is heavily wounded.
The yak barely misses you.
You scratch the yak.
The yak is heavily wounded.
The yak gores you.
* * * LOW HITPOINT WARNING * * *
You closely miss the yak.
The yak is heavily wounded.
The yak gores you.
* * * LOW HITPOINT WARNING * * *
You barely miss the yak.
The yak is heavily wounded.
The yak gores you!
You die...

#....##.#.....P.###....
#..#.#P........## #....
#.......##.....####....
##.....###....#..#.....
#....#.##..............
##.......P...........<.
#..................###
##...#####.#..#..#..# #
#....#@# ###.######.# #
#....Y## #. ..###
##...†.P# ..


PP... #........... .... ##...P....... .... #...#P...... ...# ........##.. ....
#....####. . .... ...... ## .... You could see a yak.

Vanquished Creatures
  Gastronok (D:8)
  A catoblepas (Lair:4)
  2 two-headed ogres
  Erica (D:8)
  Urug (Lair:1)
  Nergalle (Lair:2)
  5 black mambas
  2 cane toads (Lair:4)
  A rime drake (Lair:2)
  A komodo dragon (Lair:2)
  A troll (D:9)
  A polar bear (Lair:3)
  8 hippogriffs
  A snapping turtle (Lair:2)
  A basilisk (Lair:2)
  7 yaks
  7 water moccasins
  A swamp drake (D:10)
  5 orc warriors
  2 porcupines (Lair:2)
  5 sky beasts
  4 phantoms
  3 ice beasts
  A necrophage (D:8)
  2 centaurs
  5 ogres
  3 wolves (Lair:2)
  6 crocodiles
  A big kobold (D:10)
  10 bullfrogs
  A wyvern skeleton (D:6)
  11 killer bees
  2 scorpions
  10 wights (D:7)
  3 howler monkeys (D:8)
  3 electric eels
  2 bullfrog zombies
  2 quasits
  A centaur zombie (D:5)
  3 jellies
  3 hounds
  6 orc wizards
  4 orc priests
  A bullfrog skeleton (D:4)
  A centaur skeleton (D:5)
  Terence (D:2)
  4 iguanas
  8 worker ants
  A killer bee zombie (D:9)
  8 big kobold zombies (Ossuary)
  A hound zombie (D:7)
  2 mummies
  A howler monkey zombie (D:5)
  11 adders
  A gnoll (D:1)
  A howler monkey skeleton (D:5)
  A shadow imp (D:8)
  3 white imps
  4 ufetubi
  3 adder skeletons
  2 dart slugs (D:1)
  6 worms
  4 leopard geckos
  32 orcs
  2 spectral bats (Ossuary)
  3 giant cockroaches
  4 gnoll zombies (Ossuary)
  9 goblins
  9 hobgoblins
  13 jackals
  7 quokkas
  3 ball pythons
  10 bats
  6 frilled lizards
  3 goblin simulacra (Ossuary)
  3 goblin zombies (Ossuary)
  6 hobgoblin zombies
  A jackal skeleton (D:8)
  15 kobolds
  7 kobold simulacra (Ossuary)
  7 kobold zombies
  A leopard gecko zombie (D:8)
  4 orc zombies (Ossuary)
  A quokka skeleton (D:5)
  4 rats
  2 rat simulacra (Ossuary)
  6 spectral goblins (Ossuary)
  4 spectral kobolds (Ossuary)
  A spectral rat (Ossuary)
368 creatures vanquished.

Vanquished Creatures (others)
  A jackal (D:8)
  8 fungi
  14 plants
23 creatures vanquished.

Grand Total: 391 creatures vanquished

Notes
Turn   | Place    | Note
-------+----------+-------------------------------------------
     0 | D:1      | BeowulfAlex the Troll Hunter began the quest for the Orb.
     0 | D:1      | Reached XP level 1. HP: 19/19 MP: 0/0
    97 | D:1      | Reached skill level 1 in Unarmed Combat
    97 | D:1      | Reached XP level 2. HP: 21/28 MP: 1/1
   322 | D:1      | Reached XP level 3. HP: 34/35 MP: 2/2
   906 | D:2      | Found a shattered altar of Ashenzari.
   909 | D:2      | Noticed Terence
   923 | D:2      | Killed Terence
   923 | D:2      | Reached skill level 2 in Unarmed Combat
   923 | D:2      | Reached XP level 4. HP: 37/44 MP: 3/3
  1927 | D:3      | Reached XP level 5. HP: 50/50 MP: 4/4
  2026 | D:3      | Found a basalt altar of Yredelemnul.
  2029 | D:3      | Found an opulent altar of Gozag.
  2031 | D:3      | Found a stormy altar of Qazlal.
  2540 | D:4      | Noticed a phantom
  2544 | D:4      | Killed a phantom
  2544 | D:4      | Reached skill level 3 in Unarmed Combat
  2603 | D:4      | Reached XP level 6. HP: 61/61 MP: 5/5
  2658 | D:4      | Found a hazy altar of Hepliaklqana.
  3230 | D:4      | Found an ornate altar of the Wu Jian Council.
  3287 | D:5      | Entered Level 5 of the Dungeon
  3312 | D:5      | Reached skill level 4 in Unarmed Combat
  3360 | D:5      | Reached XP level 7. HP: 65/68 MP: 6/6
  3467 | D:5      | Found a staircase to the Ecumenical Temple.
  3506 | D:5      | Found a sand-covered staircase.
  3518 | Ossuary  | Entered an ossuary
  3847 | Ossuary  | Reached skill level 5 in Unarmed Combat
  4055 | D:5      | Reached skill level 5 in Throwing
  4322 | D:5      | Reached XP level 8. HP: 72/79 MP: 7/7
  4662 | D:5      | Reached skill level 5 in Fighting
  4703 | D:5      | Reached skill level 6 in Unarmed Combat
  4940 | D:6      | Found a snail-covered altar of Cheibriados.
  4968 | Temple   | Entered the Ecumenical Temple
  5201 | Temple   | Became a worshipper of Ru the Awakened
  5501 | D:6      | Found an iron altar of Okawaru.
  5900 | D:7      | Reached XP level 9. HP: 74/89 MP: 8/8
  6017 | D:7      | Reached skill level 7 in Unarmed Combat
  6991 | D:8      | Noticed Erica
  7004 | D:8      | Killed Erica
  7004 | D:8      | Reached skill level 5 in Dodging
  7004 | D:8      | Reached skill level 8 in Unarmed Combat
  7004 | D:8      | Reached XP level 10. HP: 74/102 MP: 9/9
  7335 | D:8      | Found a staircase to the Lair.
  7369 | D:8      | Noticed Prince Ribbit
  7442 | D:8      | Noticed Gastronok
  7455 | D:8      | Reached skill level 1 in Shields
  7482 | D:8      | Killed Gastronok
  7482 | D:8      | Reached skill level 9 in Unarmed Combat
  7806 | D:8      | Found an ancient bone altar of Kikubaaqudgha.
  8142 | D:9      | Noticed a two-headed ogre
  8151 | D:9      | Killed a two-headed ogre
  8287 | D:9      | Found a burning altar of Makhleb.
  8770 | D:10     | Entered Level 10 of the Dungeon
  8856 | D:10     | Reached XP level 11. HP: 103/111 MP: 10/10
  9100 | D:10     | Found a staircase to the Orcish Mines.
  9287 | D:10     | You fall into a shaft and drop 1 floor!
  9289 | D:11     | Noticed a two-headed ogre
  9448 | D:10     | Noticed a two-headed ogre
  9540 | D:10     | Killed a two-headed ogre
  9540 | D:10     | Reached skill level 10 in Unarmed Combat
  9947 | Lair:1   | Entered Level 1 of the Lair of Beasts
 10146 | Lair:1   | Noticed Urug
 10177 | Lair:1   | HP: 5/113 [black mamba (7)]
 10596 | Lair:1   | Killed Urug
 10628 | Lair:1   | Reached skill level 1 in Evocations
 11178 | Lair:2   | Noticed Nergalle
 11190 | Lair:2   | Killed Nergalle
 11661 | Lair:2   | Found a staircase to the Shoals.
 12465 | Lair:3   | Reached XP level 12. HP: 110/123 MP: 11/11
 12569 | Lair:3   | Found a staircase to the Snake Pit.
 12734 | Lair:4   | Noticed a catoblepas
 12746 | Lair:4   | Killed a catoblepas
 12750 | Lair:4   | Reached skill level 11 in Unarmed Combat
 12861 | Lair:4   | HP: 4/124 [acid (16)]
 13241 | Lair:4   | HP: 3/124 [yak (5)]
 13242 | Lair:4   | Slain by a yak

Illustrated notes

Levels and vault maps discovered:
D:1:      lightli_arrival_statuegarden, layout_loops_ring, serial_bayou_pond_d
D:2:      layout_loops_corners, ashenzari_conservatory_becter, uniq_terence
D:3:      layout_basic, grunt_temple_overflow_open, minmay_goblin_outpost
D:4:      layout_loops_ring, nicolae_overflow_hidden_temple, kennysheep_mini,
          lemuel_doored_altar, serial_bayou_pond_a, minmay_hedge_maze
D:5:      layout_loops_corners, minmay_temple_entry_tees,
          nicolae_ossuary_entry_giza, corexii_shack, chequers_jeans,
          fountainhead, minmay_joined_circles
D:6:      layout_loops_ring, nicolae_overflow_crystal_walls, okawaru_gym_becter
D:7:      minmay_skewed_foursquare, layout_basic, minmay_misc_feat_square
D:8:      layout_loops_ring, marbit_many_paths, dpeg_oklobed_lair, uniq_erica,
          uniq_prince_ribbit1, uniq_gastronok
D:9:      layout_basic, kennysheep_little_box
D:10:     layout_loops_ring, erik_orc_1
D:11:     layout_layer_cave, serial_bayou, serial_bayou_pond_c,
          serial_bayou_ford_a, serial_bayou_pond_e, serial_bayou_shore_b
Temple:   minmay_temple_curvy_loop
Lair:1:   layout_chaotic_city, nicolae_quartered_pool_medium, uniq_urug
Lair:2:   layout_roguey, minmay_shoals_entry_hut, infiniplex_staircase_pool,
          grunt_megastairs_4, uniq_nergalle
Lair:3:   layout_layer_cave, dummy_snake_entry
Lair:4:   layout_gridlike, minmay_lair_oklob_chamber

Skill      XL: |  1  2  3  4  5  6  7  8  9 10 11 12 |
---------------+-------------------------------------+-----
Unarmed Combat | 1 2 3 4 5 6 8 9 10 11 | 11.2
Fighting       | 2 3 4 5 7 8 9 |  9.6
Dodging        | 2 3 4 5 6 |  6.9
Throwing       | 4 5 6 7 8 |  8.1
Shields        | 2 3 4 |  4.3
Evocations     | 1 2 |  2.4
Stealth        | |  0.3

Action                   |  1- 3 |  4- 6 |  7- 9 | 10-12 || total
-------------------------+-------+-------+-------+-------++-------
Melee: Unarmed           |   107 |   140 |   479 |   622 ||  1348
       Punch             |       |       |    16 |       ||    16
Throw: Stone             |     5 |    34 |     7 |     9 ||    55
       Large rock        |       |     3 |       |     5 ||     8
       Javelin           |       |       |     6 |     1 ||     7
       Boomerang         |       |       |     2 |     3 ||     5
       Throwing net      |       |       |     1 |       ||     1
       Dart              |       |       |       |    25 ||    25
Invok: Reject Sacrifices |       |       |     1 |     1 ||     2
  Use: Scroll            |       |     4 |     1 |     8 ||    13
 Stab: Sleeping          |     1 |     1 |     2 |     1 ||     5
       Confused          |       |       |       |     1 ||     1
Armor: Robe              |    71 |    37 |   134 |   149 ||   391
Dodge: Dodged            |    96 |    53 |   208 |   211 ||   568
Block: Kite shield       |       |       |       |   197 ||   197

Table legend: (Time is in decaauts)
 A = Elapsed time spent in this place.
 B = Non-inter-level travel time spent in this place.
 C = Inter-level travel time spent in this place.
 D = Time resting spent in this place.
 E = Time spent auto-exploring this place.
 F = Levels seen in this place.
 G = Mean time per level.
                   A        B        C        D        E       F      G
               +--------+--------+--------+--------+--------+-----+--------+
         Total |  13116 |  12575 |    541 |    511 |   9293 |  17 |  771.5 |
       Dungeon |   9145 |   8720 |    425 |     84 |   6615 |  11 |  831.4 |
        Temple |    257 |    193 |     64 |      0 |    187 |   1 |  257.0 |
          Lair |   3258 |   3207 |     51 |    427 |   2302 |   4 |  814.5 |
       Ossuary |    454 |    454 |      0 |      0 |    187 |   1 |  454.0 |
               +--------+--------+--------+--------+--------+-----+--------+

Top non-repeatable levels by time:
     D:5: 1192 daAuts
     D:8: 1118 daAuts
    D:10: 1099 daAuts
  Lair:2: 1091 daAuts
  Lair:1: 1052 daAuts
     D:7: 990 daAuts
     D:3: 909 daAuts
     D:2: 894 daAuts
     D:9: 866 daAuts
     D:4: 769 daAuts
     D:1: 703 daAuts
  Lair:3: 616 daAuts
     D:6: 588 daAuts
  Lair:4: 498 daAuts
 Ossuary: 454 daAuts
